Map: Prion Terraces

Players

Viperisk

  • Race: Zerg Zerg
  • League: Gold

LilDicky - Winner!

  • Race: Terran Terran
  • League: Diamond

VOD

http://www.twitch.tv/tumescentpie

Description

Time

  • Played on: Dec. 6, 2015, 2:58 p.m.
  • Length: 9:21
Show
View Real Time Build Order
Export as new Build Order

Viperisk Zerg 

Build Orders: Hatch First 

Get SALT Encoding   

  12  0:01  Drone  
  13  0:08  Drone  
  14  0:17  Overlord  
  14  0:21  Extractor  
  13  0:23  Drone  
  16  0:35  Drone  
  16  0:51  Hatchery  
  16  0:52  Drone  
  16  0:55  Drone  
  17  1:11  Spawning Pool  
  16  1:13  Drone  
  16  1:17  Drone  
  18  1:21  Drone  
  19  1:27  Drone  
  20  1:38  Overlord  
  20  1:57  Zergling x2  
  20  2:00  Zergling x2, Queen  
  24  2:05  Drone  
  25  2:09  Queen  
  25  2:10  Zergling x2  
  25  2:15  Zergling x2  
  29  2:21  Drone  
  30  2:26  Drone  
  30  2:27  Extractor  
  30  2:28  Extractor  
  29  2:33  Drone  
  29  2:36  Overlord  
  30  2:38  Queen  
  30  2:42  Drone  
  33  2:45  Queen  
  33  2:46  Drone  
  36  2:55  Drone  
  36  2:57  Drone  
  38  3:04  Drone  
  39  3:08  Drone  
  40  3:14  Queen  
  42  3:25  Roach Warren  
  41  3:30  Drone x2  
  41  3:31  Drone, Overlord  
  41  3:32  Overlord  
  44  3:49  Queen  
  44  3:50  Lair  
  44  3:52  Overlord  
  46  4:11  Roach x2  
  46  4:12  Roach x4  
  58  4:21  Roach  
  58  4:22  Roach x2  
  64  4:33  Roach  
  64  4:34  Roach  
  64  4:35  Metabolic Boost  
  64  4:36  Overlord  
  68  4:43  Extractor x2  
  68  4:44  Drone x2  
  68  4:57  Roach x3  
  68  4:58  Roach  
  72  5:03  Roach  
  72  5:07  Overlord  
  72  5:15  Ravager  
  72  5:16  Ravager  
  72  5:17  Zergling x4  
  72  5:18  Overlord  
  70  5:30  Roach  
  70  5:31  Roach x3  
  76  5:46  Roach x3  
  82  5:54  Zergling x6  
  82  5:55  Zergling x2  
  86  6:00  Zergling x2  
  86  6:03  Ravager  
  86  6:21  Roach x3  
  86  6:23  Overlord x3  
  90  6:42  Roach x3  
  90  6:46  Queen  
  97  7:01  Roach x4  
  105  7:08  Ravager x3  
  108  7:12  Zergling x2  
  109  7:24  Hydralisk Den  
  109  7:26  Drone  
  109  7:28  Drone  
  110  7:35  Drone x2  
  112  7:44  Roach x2  
  112  7:51  Overseer  
  114  7:52  Overseer  
  108  8:18  Drone, Roach  
  108  8:19  Drone x5  
  113  8:26  Roach  
Show
View Real Time Build Order
Export as new Build Order

LilDicky Terran - Winner!

Build Orders: Mech 

Get SALT Encoding   

  12  0:01  SCV  
  13  0:13  SCV  
  14  0:18  Supply Depot  
  14  0:26  SCV  
  15  0:38  Refinery  
  15  0:39  SCV  
  16  0:44  Barracks  
  16  0:51  SCV  
  17  1:03  SCV  
  18  1:15  SCV  
  19  1:28  SCV  
  19  1:31  Supply Depot  
  20  1:33  Marine  
  21  1:40  Orbital Command  
  21  1:51  Factory  
  21  1:52  Marine  
  22  1:59  Refinery  
  22  2:06  SCV  
  23  2:09  Marine  
  24  2:19  SCV  
  24  2:20  Supply Depot  
  25  2:27  Marine  
  26  2:31  SCV  
  26  2:36  Starport  
  27  2:41  Armory  
  27  2:43  SCV  
  28  2:45  Factory Tech Lab  
  28  2:52  Supply Depot  
  28  2:53  Marine  
  28  2:55  SCV  
  30  3:07  SCV  
  30  3:11  Marine  
  32  3:15  Medivac  
  34  3:22  Supply Depot  
  34  3:26  SCV  
  35  3:31  Supply Depot  
  35  3:41  Thor  
  41  3:48  Marine  
  41  3:49  SCV  
  43  3:58  Command Center  
  43  4:02  SCV  
  44  4:04  Supply Depot  
  44  4:07  Starport Tech Lab  
  44  4:11  Marine  
  44  4:14  SCV  
  46  4:26  SCV  
  46  4:29  Marine  
  54  4:32  Banshee  
  54  4:33  Siege Tank  
  54  4:38  SCV  
  55  4:50  SCV  
  50  5:02  SCV  
  50  5:21  SCV  
  50  5:23  Orbital Command  
  50  5:24  Banshee  
  54  5:48  Siege Tank  
  57  5:52  Orbital Command  
  57  5:54  Command Center  
  57  6:09  Command Center, Engineering Bay  
  57  6:16  Cloaking Field  
  57  6:17  Banshee  
  60  6:24  SCV  
  58  6:46  SCV  
  58  6:47  SCV  
  60  6:59  SCV x2  
  62  7:03  Siege Tank  
  65  7:14  SCV x2  
  67  7:19  Refinery x2  
  67  7:22  Missile Turret  
  67  7:23  Factory x2  
  67  7:24  Factory  
  67  7:26  SCV x2  
  69  7:35  Siege Tank  
  64  8:00  Planetary Fortress  
  64  8:09  SCV x2  
  64  8:10  Refinery  
  66  8:15  Hellion x2  
  66  8:16  Hellion x2  
  71  8:34  Missile Turret  
  71  8:36  Missile Turret x2  
  71  8:37  Hellion x2  
  71  8:39  Planetary Fortress  
  75  8:43  Command Center  
  75  8:51  SCV x2  
Tags
 
Add a new tag
Caveats
  • Supply blocks, unpowered buildings, or Contaminate may cause inaccurate times.
  • Supply counts are checked every 10 seconds.